 Dungeon Crawl Stone Soup version 0.28.0-43-g3370ac3207 (webtiles) character file.

Game seed: 16851649921742537497

247 styxcanada the Covert (level 5, -2/26 HPs)
             Began as a Spriggan Brigand on Mar 25, 2022.
             Slain by an orc
             ... wielding a +0 flail
              (7 damage)
             ... on level 3 of the Dungeon on Mar 26, 2022.
             The game lasted 00:11:49 (3653 turns).

styxcanada the Covert (Spriggan Brigand)            Turns: 3653, Time: 00:11:50

Health: -2/26      AC:  7    Str:  6 (7)  XL:     5   Next: 85%
Magic:  9/9        EV: 18    Int: 11 (13) God:
Gold:   79         SH:  0    Dex: 17 (18) Spells: 5/8 levels left

rFire   . . .      SeeInvis +   a - +2 dagger
rCold   . . .      Faith    .   (no shield)
rNeg    . . .      Spirit   .   b - +0 robe
rPois   .          Reflect  .   (helmet restricted)
rElec   .          Harm     .   c - +0 cloak
rCorr   .          Rampage  .   (gloves unavailable)
Will    .....                   (boots unavailable)
Stlth   ++++......              (no amulet)
HPRegen 0.08/turn               l - +4 ring of protection
MPRegen 0.11/turn               (no ring)

@: very quick
A: very small, no large weapons, unfitting armour, see invisible, speed 3
a: no special abilities


You were on level 3 of the Dungeon.
You visited 1 branch of the dungeon, and saw 4 of its levels.

You collected 79 gold pieces.

Inventory:

Hand Weapons
 a - a +2 dagger (weapon)
 o - a +0 hunting sling
Missiles
 d - 5 poisoned darts (quivered)
 e - 2 curare-tipped darts
 i - 7 sling bullets
 k - 90 stones
Armour
 b - a +0 robe (worn)
 c - a +0 cloak (worn)
Jewellery
 l - a +4 ring of protection (left hand)
Scrolls
 h - 4 scrolls of identify {unknown}
 m - 2 scrolls of fog {unknown}
 p - a scroll of torment {unknown}
 q - a scroll of teleportation {unknown}
 r - a scroll of silence {unknown}
 s - a scroll of enchant weapon {unknown}
Potions
 f - a potion of lignification {unknown}
 g - a potion of magic {unknown}
 j - a potion of degeneration


   Skills:
 * Level 2.2 Fighting
 + Level 3.3 Short Blades
 + Level 2.2 Throwing
 * Level 3.0 Dodging
 * Level 8.2 Stealth
 * Level 2.0 Spellcasting
 * Level 1.2 Hexes


You had 5 spell levels left.
You knew the following spells:

 Your Spells              Type           Power      Damage    Failure   Level
a - Confusing Touch       Hex            3%         N/A       45%         3

Your spell library contained the following spells:

 Spells                   Type           Power      Damage    Failure   Level
 Slow                     Hex            12%        N/A       17%         1
 Portal Projectile        Hex/Tloc       4%         N/A       56%         3
 Call Canine Familiar     Summ           1%         N/A       65%         3
 Vampiric Draining        Necr           1%         2d6       65%         3
 Leda's Liquefaction      Hex/Erth       1%         N/A       92%         4


Dungeon Overview and Level Annotations

Branches:
Dungeon (4/15)
 Temple: D:4-7

Altars:
Xom


Innate Abilities, Weirdness & Mutations

You are very small and have problems with some larger weapons.
You are too small for most types of armour.
You have supernaturally acute eyesight. (SInv)
You cover ground extremely quickly. (Speed+++)


Message History

You climb upwards.
There is a stone staircase leading down here.
You closely miss the jackal. The jackal barely misses you.
The jackal bites you but does no damage. x2
The jackal closely misses you.
You miss the jackal. The jackal closely misses you. The jackal misses you.
The jackal completely misses you. The jackal closely misses you.
The jackal completely misses you.
You hit the jackal.
The jackal is heavily wounded.
The jackal bites you but does no damage.
The jackal misses you. The jackal completely misses you.
You hit the jackal.
You kill the jackal!
The orc barely misses you.
The jackal bites you but does no damage. x2
You hit the orc.
The orc is heavily wounded.
The jackal closely misses you. The jackal misses you.
The orc closely misses you. The orc barely misses you.
You hit the orc.
The orc is heavily wounded.
The jackal completely misses you. The jackal barely misses you.
The orc closely misses you.
You hit the orc but do no damage.
The orc is heavily wounded.
The jackal misses you. The jackal completely misses you.
The orc hits you with a +0 flail!
* * * LOW HITPOINT WARNING * * *
The orc barely misses you.
You closely miss the orc.
The orc is heavily wounded.
The jackal barely misses you. x2; The orc closely misses you.
The jackal bites you but does no damage.
The jackal closely misses you.
Unknown command.
You barely miss the orc.
The orc is heavily wounded.
The orc completely misses you. The orc hits you with a +0 flail!
You die...

.....# #..###.# ###.##.#########
.....###......# ##...##..##......
......##.....####..#####....#####
##.....#..........######.########
####.....#####.#.###...........#
##.#..## #.#.##..#########.#
####.....####[#....## #..
#.....#......hho..####### ##.
#..>..#..#..oo@##.......######.
#............##########......#.
#.....#.>##.......<...######...
#........##.#########.## ####
#.....#.....#### #..##
#######........### ##..###
#.#........# #....#
####.######...#####....#
#.......# ###....).....# ###


You could see an orc wizard, 2 orcs and 2 jackals.

Vanquished Creatures
  A vampire bat (D:3)
  An iguana (D:3)
  4 adders
  A dart slug (D:3)
  3 fire bats (D:3)
  An orc (D:3)
  A spectral bat (D:3)
  3 ball pythons
  13 bats
  3 bat skeletons (D:3)
  A bat zombie (D:3)
  3 endoplasms
  3 giant cockroaches
  7 goblins
  4 hobgoblins
  3 jackals (D:3)
  4 quokkas
  A bat simulacrum (D:3)
  7 frilled lizards (D:1)
  5 kobolds
  6 rats
75 creatures vanquished.

Vanquished Creatures (others)
  A spectral bat (D:3)
1 creature vanquished.

Grand Total: 76 creatures vanquished

Notes
Turn   | Place    | Note
-------+----------+-------------------------------------------
     0 | D:1      | styxcanada the Spriggan Brigand began the quest for the
                  | Orb.
     0 | D:1      | Reached XP level 1. HP: 10/10 MP: 2/2
    66 | D:1      | Reached skill level 6 in Stealth
   442 | D:1      | Reached XP level 2. HP: 14/15 MP: 3/3
  1287 | D:2      | Reached XP level 3. HP: 18/18 MP: 4/4
  1845 | D:2      | Reached skill level 7 in Stealth
  2065 | D:2      | Found a shimmering altar of Xom.
  2142 | D:2      | Reached skill level 1 in Spellcasting
  2195 | D:3      | Reached XP level 4. HP: 20/23 MP: 6/6
  2246 | D:3      | Learned a level 3 spell: Confusing Touch
  2344 | D:3      | Found a faded altar of an unknown god.
  2799 | D:3      | Reached XP level 5. HP: 24/26 MP: 8/8
  2817 | D:3      | Reached skill level 8 in Stealth
  2854 | D:3      | Reached skill level 1 in Hexes
  3653 | D:3      | Slain by an orc

Illustrated notes

Levels and vault maps discovered:
D:1:      minmay_arrival_up_and_down, layout_basic, minmay_lizard_pond
D:2:      layout_basic, basic_altar, minmay_goblin_kobold_house
D:3:      layout_rooms, ebering_ecumenical_altar_petrified, goddamned_bats
D:4:      layout_cave_pools, temple_hall, uniq_ijyb

Skill      XL: |  1  2  3  4  5 |
---------------+----------------+-----
Stealth        | 6 7 8 |  8.2
Dodging        | 2 3 |  3.0
Spellcasting   | 1 2 |  2.0
Fighting       | 2 |  2.2
Short Blades   | 3 |  3.3
Hexes          | 1 |  1.2
Throwing       | |  2.2

Action                   |  1- 3 |  4- 6 || total
-------------------------+-------+-------++-------
Melee: Dagger            |   125 |   153 ||   278
       Punch             |     2 |     2 ||     4
Throw: Dart              |     9 |     6 ||    15
  Use: Potion            |       |     2 ||     2
 Stab: Sleeping          |    11 |     7 ||    18
       Distracted        |     1 |     1 ||     2
Armor: Robe              |    29 |    60 ||    89
Dodge: Dodged            |    95 |   218 ||   313
